barbhack, chaotic female human Barbarian ----- ------- # |.}.| |..._.| ---.-------- -------------- |...| |...).| ##[..........-#############.............| ..}.-)#)#####.[<[...##############|..........| |............| ----- #|).)..| )## |..........| |@...........| #------- #)# #.......@...| |............| ######################|.....O....| |............| ### -.-+----.--- -------------- ### #### # ### # # ### -------- ## #########[########## |..o....################### # ---.-# |......| # # |...|# |......| # ----------|- |...|###### |......| S: # |..........| |.(.| -.--- |..>...| a # |..........| |.\.| |...| |......| ao # |..........| ----- |...| -------- # |..........| |...| ------------ ----- barbhack the Brigand Experience level: 11 Strength: 18/03 Dexterity: 17 Constitution: 18 Intelligence: 7 Wisdom: 9 Charisma: 7 Health: 38(109) Energy: 17(17) AC: -1 Gold: 43 Moves: 21469 Your Inventory: Coins $ - 43 gold pieces Amulets M - an uncursed amulet called ESP [of ESP] (being worn) Weapons a - an uncursed rusty corroded +0 battle-axe (weapon in hands) b - an uncursed +0 bow of fire (alternate weapon; not wielded) Q - 64 uncursed +0 arrows (in quiver) Armor G - an uncursed +0 pair of leather gloves (being worn) H - an uncursed +0 elven leather helm (being worn) V - an uncursed +0 pair of speed boots (being worn) Comestibles U - 2 uncursed lizard corpses Y - an uncursed apple Wands c - an [uncursed] wand of magic missile [0:6] Tools j - an [uncursed] looking glass [mirror] k - an uncursed key [skeleton key] s - an uncursed [+0] unicorn horn w - an uncursed magic whistle y - an uncursed stethoscope B - an uncursed sack K - an [uncursed] bag of tricks [0:2] L - an uncursed [magic] lamp called magic (lit) P - an uncursed towel Contents of the sack: an [uncursed +0] long sword an [uncursed +0] long sword a blessed +1 elven shield an uncursed +0 pair of water walking boots 3 uncursed food rations 3 uncursed fortune cookies 2 uncursed lizard corpses an uncursed sprig of wolfsbane 2 uncursed scrolls of create monster 22 uncursed clear potions [of water] an [uncursed] potion of invisibility a [cursed] potion of object detection an uncursed wand of fire [0:8] an uncursed wand of striking [0:6] an uncursed wand of striking [0:8] an uncursed key [skeleton key] an uncursed [magic] lamp called magic an uncursed [+0] unicorn horn Spells known in the end: Name Level Category Fail Memory Your skills at the end: Fighting Skills bare handed combat [Basic / Master] body armor [Skilled / Skilled] Weapon Skills axe [Expert / Expert] short sword [Basic / Expert] Spellcasting Skills Final Attributes: You were piously aligned. Hunger level was 706. Your alignment was 81 / 117. Monster difficulty range was 2 - 12. Level difficulty was 13. You resisted electricity. You were immune to poison. You were blinded. You were telepathic. You aggravated monsters. You were very fast. You were unlucky (-1). You are dead. Vanquished creatures: a draken an Olog-hai a baby leviathan 4 shopkeepers an aligned priest a watch captain 4 ghosts 2 giant mimics a rock troll a flesh golem a doppelganger 2 stalkers a giant zombie a winter wolf 10 small mimics a glass piercer a xan 2 ogre lords a quantum mechanic 6 trolls a sasquatch a wood golem 2 giant turtles 2 gelatinous cubes a large dog a freezing sphere a flaming sphere a large cat a tiger a gargoyle 2 dwarf kings a tengu 2 ochre jellies 2 leocrottas an energy vortex a mountain centaur 2 stone giants a human mummy a red naga a cobra 3 wraiths 13 ettin zombies 3 watchmen a horned devil a chameleon a crocodile a giant beetle a quivering blob 4 cockatrices 3 winter wolf cubs a lynx 4 panthers a gremlin 30 leprechauns an orc-captain 3 iron piercers 2 giant spiders 2 scorpions 2 horses a vampire bat 4 forest centaurs a gnome king 2 orc mummies 12 ogres 2 brown puddings a rust monster 2 owlbears 3 yetis 2 werewolves a giant eel 8 lizards a chieftain 3 chickatrices 3 dogs a dingo a housecat 4 jaguars 3 dwarf lords 2 blue jellies 2 white unicorns a gray unicorn 3 ravens 4 plains centaurs 5 gnome mummies 6 snakes 12 apes 3 human zombies 3 rope golems 2 Woodland-elves 2 soldier ants 3 fire ants 2 snow ants 18 bugbears a quasit 3 wood nymphs a water nymph a mountain nymph 4 orc shamans 5 rock piercers an enormous rat 2 rock moles 2 ponies 2 fog clouds 4 yellow lights a shrieker 5 violet fungi 11 gnome lords 9 gnomish wizards a black naga hatchling a golden naga hatchling a guardian naga hatchling 2 gray oozes a barrow wight an elf zombie 2 ghouls 2 wax golems 5 giant ants 5 little dogs 7 floating eyes 2 kittens 13 dwarves a homunculus 2 kobold shamans 24 hill orcs 5 rothes 3 rabid rats 3 centipedes 5 giant bats 3 monkeys 3 orc zombies a dwarf zombie 2 wererats 4 werejackals 8 iguanas 8 killer bees 3 acid blobs a coyote 2 gas spores 7 hobbits 6 manes 4 large kobolds 15 hobgoblins a giant rat 9 cave spiders 2 brown molds 4 yellow molds a green mold 2 red molds 40 gnomes 27 garter snakes a gnome zombie 8 geckos 5 jackals 4 foxes 4 kobolds 13 goblins 4 sewer rats 5 grid bugs a bat 6 lichens a kobold zombie 5 newts 617 creatures vanquished. Voluntary challenges: You used a wielded weapon 701 times. You read items or engraved 17 times. You put on armor 71 times. You never genocided any monsters. You never polymorphed an object. You never changed form. You used no wishes. You wrote Elbereth's name 3 times. You encountered 1 bones level. You never used any Sokoban shortcuts. Dungeon overview: The Dungeons of Doom: levels 1 to 18 Level 1 some fountains, a sink a long staircase Level 2 a tool shop, a fountain Level 3 a fountain Level 4 a general store stairs to The Gnomish Mines Level 5 many fountains Level 6 a fountain, a sink stairs to Sokoban Level 7 (climb to MT and enchant drakken for MR. make water, bless lamps) a fountain Level 8 a fountain Level 10 a scroll shop Level 11 an armor shop Level 12 a temple, a fountain, a sink portal to The Quest Level 13 <- You were here some altars, a throne Level 14 an altar, a fountain, a sink Level 15 a fountain Level 17 a throne Level 18 (gnd-stash) a fountain The Gnomish Mines: levels 5 to 9 Level 5 stairs to The Dungeons of Doom Level 7 many shops, a temple, a magic chest, some fountains The Quest: Level 1 a magic chest, a throne portal to The Dungeons of Doom Sokoban: levels 3 to 5 Level 5 (orange 100-clears) a magic chest stairs to The Dungeons of Doom History has recorded: On T:1 you entered the Dungeons of Doom to retrieve the Amulet of Yendor! On T:266 you advanced to experience level 2. On T:344 you reached level 2 of The Dungeons of Doom. On T:427 you advanced to experience level 3. On T:631 you advanced to experience level 4. On T:730 you reached level 3 of The Dungeons of Doom. On T:787 you advanced to experience level 5. On T:865 you reached level 4 of The Dungeons of Doom. On T:1229 you advanced to experience level 6. On T:1332 you reached level 1 of The Gnomish Mines. On T:1572 you reached level 2 of The Gnomish Mines. On T:1705 you advanced to experience level 7. On T:1915 you reached level 3 of The Gnomish Mines. On T:2734 you advanced to experience level 8. On T:3318 you reached level 5 of The Dungeons of Doom. On T:3565 you reached level 6 of The Dungeons of Doom. On T:4265 you reached level 7 of The Dungeons of Doom. On T:4452 you advanced to experience level 9. On T:4771 you reached level 8 of The Dungeons of Doom. On T:5121 you reached level 3 of Sokoban. On T:5438 you reached level 2 of Sokoban. On T:6925 you advanced to experience level 10. On T:7148 you reached level 1 of Sokoban. On T:8587 you reached level 9 of The Dungeons of Doom. On T:8889 you reached level 10 of The Dungeons of Doom. On T:8929 you reached level 11 of The Dungeons of Doom. On T:9472 you reached level 12 of The Dungeons of Doom. On T:9740 you reached level 13 of The Dungeons of Doom. On T:12652 you advanced to experience level 11. On T:12821 you reached level 4 of The Gnomish Mines. On T:12865 you reached level 5 of The Gnomish Mines. On T:15822 you reached level 14 of The Dungeons of Doom. On T:16103 you reached level 15 of The Dungeons of Doom. On T:16349 you reached level 16 of The Dungeons of Doom. On T:17017 you reached level 17 of The Dungeons of Doom. On T:17305 you reached level 18 of The Dungeons of Doom. On T:17929 you reached level 1 of The Quest. On T:18080 you embarked upon an epic quest. Latest messages: You produce a strange whistling sound. You produce a strange whistling sound. You kill the poor horse! You hear the rumble of distant thunder... There is an altar to Crom (neutral) here. You see here a horse corpse. So this is how you repay loyalty? The voice of Crom rings out: "Thou hast angered me." Suddenly, a bolt of lightning strikes you! Your wand of magic missile breaks apart and explodes! Your wand of fire breaks apart and explodes! Your wand of digging breaks apart and explodes! Your wand of fire breaks apart and explodes! Your wand of digging breaks apart and explodes! You are blinded by the flash! Crom is not deterred... A wide-angle disintegration beam hits you! Your cloak crumbles and turns to dust! Your dwarvish mithril-coat turns to dust and falls to the altar! You fry to a crisp. Final status: Goodbye barbhack the Barbarian... You died in The Dungeons of Doom on dungeon level 13 with 1405 points, and 43 pieces of gold, after 21469 moves. You were level 11 with a maximum of 109 hit points when you died.